 Dungeon Crawl Stone Soup version 0.23.0 (webtiles) character file.

Game seed: 3010196331897732308

4671 tidbits the Magician (level 10, -2/79 HPs)
             Began as a Gnoll Skald on Feb 14, 2019.
             Was a Priest of Cheibriados.
             Killed from afar by a manticore (15 damage)
             ... with a volley of spikes
             ... on level 11 of the Dungeon.
             The game lasted 00:28:44 (2862 turns).

tidbits the Magician (Gnoll Skald)                  Turns: 2862, Time: 00:28:45

Health: -2/79      AC:  8    Str: 20    XL:     10   Next: 44%
Magic:  17/20      EV: 16    Int: 27    God:    Cheibriados [***...]
Gold:   254        SH:  0    Dex: 21    Spells: 7/23 levels left

rFire    + . .     SeeInvis +   a - +0 halberd
rCold    + . .     Gourm    .   (shield currently unavailable)
rNeg     . . .     Faith    .   B - +0 ring mail
rPois    .         Spirit   .   E - +0 helmet {SInv}
rElec    .         Reflect  .   C - scarf {rC+ rF+}
rCorr    .         Harm     .   (no gloves)
MR       .....                  F - +0 pair of boots
Stlth    +++.......             (no amulet)
HPRegen  0.23/turn              w - ring of see invisible
MPRegen  0.17/turn              (no ring)

@: lethally poisoned (-2 -> -6), singing, barbed spikes, very slow
A: distributed training, fangs 1, strong nose
a: Bend Time, Temporal Distortion, Renounce Religion


You were on level 11 of the Dungeon.
You worshipped Cheibriados.
Cheibriados was most pleased with you.
You were not hungry.

You visited 2 branches of the dungeon, and saw 12 of its levels.

You collected 254 gold pieces.

Inventory:

Hand Weapons
 a - a +0 halberd (weapon)
 b - the +4 flail "Ynialy" {crush, +Inv rPois Str+2}
   (You found it on level 11 of the Dungeon)

   It inflicts extra damage upon your enemies.
   It affects your strength (+2).
   It protects you from poison.
   It lets you turn invisible.
 e - a +0 trident
 l - a +0 dagger
 m - a +0 flail
 o - a +1 spear of flaming
   (You found it on level 3 of the Dungeon)
 p - a +0 blowgun
 u - a +2 flail of protection
   (You found it on level 4 of the Dungeon)
 x - a +0 shortbow
 G - a +2 scythe of venom
   (You took it off Sigmund on level 6 of the Dungeon)
Missiles
 g - 19 stones
 q - 32 poisoned needles
 s - a steel javelin (quivered)
 v - 12 needles of confusion
 y - 32 arrows
Armour
 k - a +2 shield
 A - a +2 scale mail of poison resistance
   (You found it on level 5 of the Dungeon)
 B - a +0 ring mail (worn)
 C - a scarf of resistance (worn)
   (You found it on level 11 of the Dungeon)
 E - a +0 helmet of see invisible (worn)
   (You took it off Robin on level 3 of the Dungeon)
 F - a +0 pair of boots (worn)
 J - a +0 leather armour
 R - a +0 buckler
Jewellery
 w - a ring of see invisible (left hand)
   (You found it on level 5 of the Dungeon)
Wands
 O - a wand of iceblast (6)
Scrolls
 c - 2 scrolls of enchant weapon {unknown}
 h - 3 scrolls of remove curse {unknown}
 i - 2 scrolls of vulnerability {unknown}
 r - 6 scrolls of fog {unknown}
 t - 7 scrolls of teleportation
 z - a scroll of blinking
 H - a scroll of noise {unknown}
 I - a scroll of magic mapping {unknown}
 P - a scroll of enchant armour {unknown}
 S - a scroll of fear
Potions
 f - 2 potions of agility {unknown}
 j - 2 potions of ambrosia {unknown}
 n - a potion of lignification {unknown}
 D - a potion of magic
 K - a potion of flight
 L - 4 potions of heal wounds
 M - a potion of brilliance {unknown}
 N - 2 potions of might {unknown}
 Q - 4 potions of curing
Comestibles
 d - 8 rations


   Skills:
 + Level 7.0 Fighting
 + Level 5.2 Short Blades
 + Level 5.2 Long Blades
 + Level 5.2 Axes
 + Level 5.2 Maces & Flails
 + Level 7.0 Polearms
 + Level 5.2 Staves
 + Level 5.2 Slings
 + Level 5.2 Bows
 + Level 5.2 Crossbows
 + Level 5.2 Throwing
 + Level 5.8 Armour
 + Level 7.0 Dodging
 + Level 5.2 Stealth
 + Level 5.2 Shields
 + Level 5.2 Unarmed Combat
 + Level 7.3 Spellcasting
 + Level 4.3 Conjurations
 + Level 4.3 Hexes
 + Level 7.0 Charms
 + Level 4.3 Summonings
 + Level 4.3 Necromancy
 + Level 4.3 Translocations
 + Level 4.3 Transmutations
 + Level 4.3 Fire Magic
 + Level 4.3 Ice Magic
 + Level 4.3 Air Magic
 + Level 4.3 Earth Magic
 + Level 4.3 Poison Magic
 + Level 5.7 Invocations
 + Level 5.2 Evocations


You had 7 spell levels left.
You knew the following spells:

 Your Spells              Type           Power        Failure   Level  Hunger
c - Confuse               Hex            ####....     4%          3    None
g - Shroud of Golubria    Chrm/Tloc      #####.....   1%          2    None
i - Infusion              Chrm           ####         1%          1    None
k - Sticks to Snakes      Tmut           ####....     2%          2    None
r - Regeneration          Chrm/Necr      #####.....   2%          3    None
w - Spectral Weapon       Hex/Chrm       #####...     2%          3    None
y - Song of Slaying       Chrm           #####...     1%          2    None

Your spell library contained the following spells:

 Spells                   Type           Power        Failure   Level  Hunger
 Beastly Appendage        Tmut           ####..       1%          1    None
 Corona                   Hex            ####...      1%          1    None
 Shock                    Conj/Air       ####         1%          1    None
 Sting                    Conj/Pois      ####         1%          1    None
 Swiftness                Chrm/Air       #####...     1%          2    None
 Ensorcelled Hibernation  Hex/Ice        ####..       2%          2    None
 Poisonous Vapours        Pois/Air       ####..       2%          2    None
 Dazzling Spray           Conj/Hex       ####..       4%          3    None
 Mephitic Cloud           Conj/Pois/Air  ####....     4%          3    None
 Spider Form              Tmut/Pois      ####......   4%          3    None
 Static Discharge         Conj/Air       ####....     4%          3    None
 Tukima's Dance           Hex            ####....     4%          3    None
 Airstrike                Air            ####......   16%         4    ##.....
 Ice Form                 Ice/Tmut       ####....     16%         4    ##.....
 Olgreb's Toxic Radiance  Pois           ####....     16%         4    ##.....
 Blade Hands              Tmut           ####......   41%         5    #####..
 Lightning Bolt           Conj/Air       ####......   41%         5    #####..
 Venom Bolt               Conj/Pois      ####......   41%         5    #####..


Dungeon Overview and Level Annotations

Branches:
Dungeon (11/15)            Temple (1/1) D:5
   Lair: D:8-11         Orc: D:9-12

Altars:
Ashenzari
Cheibriados
Dithmenos
Elyvilon
Gozag
Kikubaaqudgha
Makhleb
Nemelex Xobeh
Qazlal
Sif Muna
Trog
Uskayaw
Vehumet
Xom
Zin
The Shining One
Lugonu

Annotations:
D:7 1 transporter
D:8 exclusions: obsidian statue and orange crystal statue
D:10 2 transporters, buskinjo's ghost, journeyman VSFi
D:11 Grum


Innate Abilities, Weirdness & Mutations

Your experience applies equally to all skills.
You have very sharp teeth.
Your uncanny sense of smell can sniff out nearby items.


Message History

You start singing a song of slaying.
Unknown command.
The wolf bites you! The wolf completely misses you. The wolf misses you.
The wolf bites you. The wolf closely misses you. x2
Casting: Song of Slaying (safe; 1% risk of failure)
Confirm with . or Enter, or press ? or * to list all spells.
You draw out your weapon's spirit!
The wolf bites you! The wolf closely misses you.
You puncture the wolf!
The wolf is heavily wounded.
Your spectral weapon completely misses the wolf.
The wolf barely misses you. The wolf bites you.
You slash the wolf!
You kill the wolf!
Cheibriados thoroughly appreciates the change of pace.
Your Fighting skill increases to level 7!
Your Polearms skill increases to level 7!
Your Dodging skill increases to level 7!
You hear a howl!
The wolf bites you but does no damage.
You closely miss the wolf. Your bite misses the wolf.
Your spectral weapon misses the wolf.
The wolf bites you! The wolf closely misses you. Grum closely misses you.
Casting: Spectral Weapon (safe; 3% risk of failure)
Confirm with . or Enter, or press ? or * to list all spells.
Space distorts slightly along a thin shroud covering your body.
Your shroud bends the wolf's attack away!
A wolf comes into view.
The wolf closely misses you.
Your shroud bends Grum's attack away!
You miss the wolf. Your bite misses the wolf.
Your spectral weapon hits the wolf from afar!
Your shroud bends the wolf's attack away.
The wolf barely misses you.
You hit the wolf.
The wolf is severely wounded.
Your spectral weapon hits the wolf from afar!!
You kill the wolf!
Cheibriados thoroughly appreciates the change of pace.
Grum barely misses you.
Your shroud bends the wolf's attack away.
You miss the wolf.
Your spectral weapon misses the wolf.
The wolf barely misses you. Grum barely misses you.
The wolf completely misses you.
You slash the wolf!
The wolf is severely wounded.
Your spectral weapon completely misses the wolf.
The wolf closely misses you. Grum closely misses you.
Your shroud bends the wolf's attack away!
An adder comes into view.
You hit the wolf.
The wolf is severely wounded.
Your spectral weapon hits the wolf from afar.
The wolf closely misses you.
Grum hits you from afar with a -2 glaive.
* * * LOW HITPOINT WARNING * * *
Your shroud bends the wolf's attack away.
You puncture the wolf!
You kill the wolf!
Cheibriados thoroughly appreciates the change of pace.
Cheibriados raises the support of your attributes as your movement slows.
Your shroud bends the wolf's attack away.
Your shroud bends Grum's attack away.
The adder bites your spectral weapon.
Your spectral weapon shares its damage with you!
* * * LOW HITPOINT WARNING * * *
You miss the wolf.
Your spectral weapon hits the wolf from afar!
The wolf bites you.
* * * LOW HITPOINT WARNING * * *
The adder closely misses your spectral weapon.
The wolf closely misses you.
Grum hits you from afar with a -2 glaive!
* * * LOW HITPOINT WARNING * * *
Your shroud falls apart!
A manticore comes into view.
The wolf bites your spectral weapon!
Your spectral weapon shares its damage with you!
* * * LOW HITPOINT WARNING * * *
The adder completely misses you. The wolf bites your spectral weapon!
Your spectral weapon shares its damage with you!
* * * LOW HITPOINT WARNING * * *
The adder barely misses you.
The wolf barely misses your spectral weapon.
The adder bites you.
* * * LOW HITPOINT WARNING * * *
You are poisoned.
The adder poisons you!
You feel sick.
The manticore flicks its tail.
The volley of spikes hits your spectral weapon.
Your spectral weapon shares its damage with you!
* * * LOW HITPOINT WARNING * * *
The adder bites you.
* * * LOW HITPOINT WARNING * * *
You are more poisoned.
The adder poisons you!
The manticore flicks its tail.
The volley of spikes hits you!
The barbed spikes become lodged in your body.
You die...

#...... #..... #....
... #.# #######+ ##.#
#....... #g.#
###'######
#h##########.........
#.#S@......'.........
#(..########.........
#H### #......... #.#
#......... ..#
#......... ##.#
#......... #.#
#.....†... #[#
#####'#### #. #....#


You could see a manticore, an adder and a friendly spectral +0 halberd.

Vanquished Creatures
  An unseen horror (D:11)
  2 hippogriffs
  Sigmund (D:6)
  A spriggan (D:9)
  2 hungry ghosts
  4 yaks (D:10)
  Menkaure (D:6)
  Duvessa (D:6)
  A water moccasin (D:9)
  An orc warrior (D:8)
  2 ice beasts
  A sky beast (D:8)
  3 wolves (D:11)
  3 ogres
  A centaur (D:5)
  A bullfrog (D:8)
  3 big kobolds
  Dowan (D:6)
  A scorpion (D:4)
  3 wights (D:10)
  A howler monkey (D:7)
  2 crimson imps
  A centaur zombie (D:8)
  2 hounds
  2 centaur skeletons
  An orc priest (D:8)
  A bullfrog zombie (D:5)
  A gnoll shaman (D:10)
  A bullfrog skeleton (D:6)
  3 iguanas
  6 worker ants
  A worker ant zombie (D:6)
  Robin (D:3)
  10 gnolls
  12 adders
  A shadow imp (D:7)
  2 adder skeletons (D:4)
  A worm (D:3)
  6 leopard geckos
  4 orcs
  8 bats
  5 giant cockroaches
  13 goblins
  7 hobgoblins
  8 jackals
  A quokka (D:3)
  2 ball pythons
  12 kobolds
  A quokka skeleton (D:8)
  4 rats
154 creatures vanquished.

Notes
Turn   | Place    | Note
-------+----------+-------------------------------------------
     0 | D:1      | tidbits the Gnoll Skald began the quest for the Orb.
     0 | D:1      | Reached XP level 1. HP: 20/20 MP: 6/6
    78 | D:1      | Reached XP level 2. HP: 25/26 MP: 0/7
    88 | D:1      | Learned a level 2 spell: Song of Slaying
    91 | D:1      | Learned a level 2 spell: Shroud of Golubria
   115 | D:2      | Found a bloodstained altar of Trog.
   169 | D:2      | Found a radiant altar of Vehumet.
   172 | D:2      | Found a glowing golden altar of the Shining One.
   199 | D:1      | Reached XP level 3. HP: 28/31 MP: 3/9
   205 | D:1      | Reached skill level 5 in Spellcasting
   210 | D:1      | Learned a level 3 spell: Regeneration
   214 | D:1      | Learned a level 3 spell: Spectral Weapon
   334 | D:2      | Reached skill level 1 in Invocations
   357 | D:3      | Noticed Robin
   384 | D:3      | Reached skill level 1 in Short Blades
   384 | D:3      | Reached skill level 1 in Long Blades
   384 | D:3      | Reached skill level 1 in Axes
   384 | D:3      | Reached skill level 1 in Maces & Flails
   384 | D:3      | Reached skill level 1 in Staves
   384 | D:3      | Reached skill level 1 in Slings
   384 | D:3      | Reached skill level 1 in Bows
   384 | D:3      | Reached skill level 1 in Crossbows
   384 | D:3      | Reached skill level 1 in Throwing
   384 | D:3      | Reached skill level 1 in Stealth
   384 | D:3      | Reached skill level 1 in Shields
   384 | D:3      | Reached skill level 1 in Unarmed Combat
   384 | D:3      | Reached skill level 1 in Evocations
   395 | D:3      | Reached XP level 4. HP: 28/38 MP: 7/11
   473 | D:3      | Killed Robin
   485 | D:3      | Reached skill level 1 in Conjurations
   485 | D:3      | Reached skill level 1 in Hexes
   485 | D:3      | Reached skill level 1 in Summonings
   485 | D:3      | Reached skill level 1 in Necromancy
   485 | D:3      | Reached skill level 1 in Translocations
   485 | D:3      | Reached skill level 1 in Transmutations
   485 | D:3      | Reached skill level 1 in Fire Magic
   485 | D:3      | Reached skill level 1 in Ice Magic
   485 | D:3      | Reached skill level 1 in Air Magic
   485 | D:3      | Reached skill level 1 in Earth Magic
   485 | D:3      | Reached skill level 1 in Poison Magic
   498 | D:3      | Reached XP level 5. HP: 26/43 MP: 2/12
   670 | D:3      | Reached skill level 3 in Armour
   745 | D:3      | Reached skill level 2 in Invocations
   745 | D:3      | Reached XP level 6. HP: 25/50 MP: 7/13
   825 | D:4      | Learned a level 3 spell: Confuse
   854 | D:4      | Reached skill level 5 in Fighting
   854 | D:4      | Reached skill level 5 in Polearms
   854 | D:4      | Reached skill level 5 in Dodging
   872 | D:4      | Reached skill level 2 in Short Blades
   872 | D:4      | Reached skill level 2 in Long Blades
   872 | D:4      | Reached skill level 2 in Axes
   872 | D:4      | Reached skill level 2 in Maces & Flails
   872 | D:4      | Reached skill level 2 in Staves
   872 | D:4      | Reached skill level 2 in Slings
   872 | D:4      | Reached skill level 2 in Bows
   872 | D:4      | Reached skill level 2 in Crossbows
   872 | D:4      | Reached skill level 2 in Throwing
   872 | D:4      | Reached skill level 2 in Stealth
   872 | D:4      | Reached skill level 2 in Shields
   872 | D:4      | Reached skill level 2 in Unarmed Combat
   872 | D:4      | Reached skill level 2 in Evocations
   903 | D:5      | Entered Level 5 of the Dungeon
   972 | D:5      | Noticed an ice beast
   994 | D:5      | Killed an ice beast
  1027 | D:5      | Reached XP level 7. HP: 29/56 MP: 7/15
  1185 | D:5      | Found a staircase to the Ecumenical Temple.
  1189 | D:5      | Reached skill level 2 in Conjurations
  1189 | D:5      | Reached skill level 2 in Hexes
  1189 | D:5      | Reached skill level 2 in Summonings
  1189 | D:5      | Reached skill level 2 in Necromancy
  1189 | D:5      | Reached skill level 2 in Translocations
  1189 | D:5      | Reached skill level 2 in Transmutations
  1189 | D:5      | Reached skill level 2 in Fire Magic
  1189 | D:5      | Reached skill level 2 in Ice Magic
  1189 | D:5      | Reached skill level 2 in Air Magic
  1189 | D:5      | Reached skill level 2 in Earth Magic
  1189 | D:5      | Reached skill level 2 in Poison Magic
  1196 | Temple   | Entered the Ecumenical Temple
  1256 | Temple   | Became a worshipper of Cheibriados the Contemplative
  1362 | D:6      | Found a shimmering altar of Xom.
  1462 | D:6      | Reached skill level 3 in Invocations
  1464 | D:6      | Noticed Sigmund
  1480 | D:6      | Killed Sigmund
  1480 | D:6      | Reached skill level 3 in Short Blades
  1480 | D:6      | Reached skill level 3 in Long Blades
  1480 | D:6      | Reached skill level 3 in Axes
  1480 | D:6      | Reached skill level 3 in Maces & Flails
  1480 | D:6      | Reached skill level 3 in Staves
  1480 | D:6      | Reached skill level 3 in Slings
  1480 | D:6      | Reached skill level 3 in Bows
  1480 | D:6      | Reached skill level 3 in Crossbows
  1480 | D:6      | Reached skill level 3 in Throwing
  1480 | D:6      | Reached skill level 4 in Armour
  1480 | D:6      | Reached skill level 3 in Stealth
  1480 | D:6      | Reached skill level 3 in Shields
  1480 | D:6      | Reached skill level 3 in Unarmed Combat
  1480 | D:6      | Reached skill level 6 in Charms
  1480 | D:6      | Reached skill level 3 in Evocations
  1480 | D:6      | Reached XP level 8. HP: 61/63 MP: 2/16
  1527 | D:6      | Noticed Dowan
  1539 | D:6      | Noticed Duvessa
  1549 | D:6      | Killed Duvessa
  1552 | D:6      | Killed Dowan
  1552 | D:6      | Reached skill level 6 in Spellcasting
  1573 | D:6      | Noticed Menkaure
  1585 | D:6      | Killed Menkaure
  1589 | D:6      | Reached * piety under Cheibriados
  1653 | D:7      | Learned a level 2 spell: Sticks to Snakes
  1731 | D:6      | Found a shadowy altar of Dithmenos.
  1744 | D:7      | Found a white marble altar of Elyvilon.
  1844 | D:7      | Noticed an unseen horror
  1846 | D:7      | Found a corrupted altar of Lugonu.
  1846 | D:7      | Noticed a brown ugly thing
  1846 | D:7      | Noticed a purple ugly thing
  1847 | D:7      | Found a transporter.
  1857 | D:7      | Noticed a purple ugly thing
  1996 | D:8      | Noticed an obsidian statue
  2142 | D:8      | Noticed a skeletal warrior
  2143 | D:8      | Noticed a skeletal warrior
  2144 | D:8      | Noticed a skeletal warrior
  2192 | D:8      | Reached skill level 3 in Conjurations
  2192 | D:8      | Reached skill level 3 in Hexes
  2192 | D:8      | Reached skill level 3 in Summonings
  2192 | D:8      | Reached skill level 3 in Necromancy
  2192 | D:8      | Reached skill level 3 in Translocations
  2192 | D:8      | Reached skill level 3 in Transmutations
  2192 | D:8      | Reached skill level 3 in Fire Magic
  2192 | D:8      | Reached skill level 3 in Ice Magic
  2192 | D:8      | Reached skill level 3 in Air Magic
  2192 | D:8      | Reached skill level 3 in Earth Magic
  2192 | D:8      | Reached skill level 3 in Poison Magic
  2192 | D:8      | Reached skill level 4 in Invocations
  2198 | D:8      | Reached skill level 6 in Fighting
  2198 | D:8      | Reached skill level 6 in Polearms
  2198 | D:8      | Reached skill level 6 in Dodging
  2198 | D:8      | Reached XP level 9. HP: 56/69 MP: 10/18
  2245 | D:8      | Reached skill level 4 in Short Blades
  2245 | D:8      | Reached skill level 4 in Long Blades
  2245 | D:8      | Reached skill level 4 in Axes
  2245 | D:8      | Reached skill level 4 in Maces & Flails
  2245 | D:8      | Reached skill level 4 in Staves
  2245 | D:8      | Reached skill level 4 in Slings
  2245 | D:8      | Reached skill level 4 in Bows
  2245 | D:8      | Reached skill level 4 in Crossbows
  2245 | D:8      | Reached skill level 4 in Throwing
  2245 | D:8      | Reached skill level 4 in Stealth
  2245 | D:8      | Reached skill level 4 in Shields
  2245 | D:8      | Reached skill level 4 in Unarmed Combat
  2245 | D:8      | Reached skill level 4 in Evocations
  2294 | D:8      | Noticed an orange crystal statue
  2340 | D:9      | Reached skill level 5 in Armour
  2376 | D:10     | Entered Level 10 of the Dungeon
  2387 | D:10     | Reached ** piety under Cheibriados
  2482 | D:9      | Found a shadowy altar of Dithmenos.
  2482 | D:9      | Found a burning altar of Makhleb.
  2545 | D:9      | Reached skill level 5 in Invocations
  2646 | D:10     | Reached skill level 7 in Spellcasting
  2646 | D:10     | Reached XP level 10. HP: 75/77 MP: 14/20
  2647 | D:10     | Reached skill level 4 in Conjurations
  2647 | D:10     | Reached skill level 4 in Hexes
  2647 | D:10     | Reached skill level 4 in Summonings
  2647 | D:10     | Reached skill level 4 in Necromancy
  2647 | D:10     | Reached skill level 4 in Translocations
  2647 | D:10     | Reached skill level 4 in Transmutations
  2647 | D:10     | Reached skill level 4 in Fire Magic
  2647 | D:10     | Reached skill level 4 in Ice Magic
  2647 | D:10     | Reached skill level 4 in Air Magic
  2647 | D:10     | Reached skill level 4 in Earth Magic
  2647 | D:10     | Reached skill level 4 in Poison Magic
  2652 | D:10     | Found a transporter.
  2653 | D:10     | Found a transporter.
  2653 | D:10     | Noticed buskinjo's ghost (journeyman VSFi)
  2653 | D:10     | Noticed a wolf spider
  2681 | D:11     | Got an ichor-stained flail
  2682 | D:11     | Identified the +4 flail "Ynialy" {crush, +Inv rPois Str+2}
                  | (You found it on level 11 of the Dungeon)
  2776 | D:11     | Noticed an unseen horror
  2788 | D:11     | Killed an unseen horror
  2788 | D:11     | Reached skill level 5 in Short Blades
  2788 | D:11     | Reached skill level 5 in Long Blades
  2788 | D:11     | Reached skill level 5 in Axes
  2788 | D:11     | Reached skill level 5 in Maces & Flails
  2788 | D:11     | Reached skill level 5 in Staves
  2788 | D:11     | Reached skill level 5 in Slings
  2788 | D:11     | Reached skill level 5 in Bows
  2788 | D:11     | Reached skill level 5 in Crossbows
  2788 | D:11     | Reached skill level 5 in Throwing
  2788 | D:11     | Reached skill level 5 in Stealth
  2788 | D:11     | Reached skill level 5 in Shields
  2788 | D:11     | Reached skill level 5 in Unarmed Combat
  2788 | D:11     | Reached skill level 7 in Charms
  2788 | D:11     | Reached skill level 5 in Evocations
  2790 | D:11     | Reached *** piety under Cheibriados
  2842 | D:11     | Noticed Grum
  2850 | D:11     | Reached skill level 7 in Fighting
  2850 | D:11     | Reached skill level 7 in Polearms
  2850 | D:11     | Reached skill level 7 in Dodging
  2859 | D:11     | Noticed a manticore
  2862 | D:11     | HP: 15/79 [poisoned by an adder]
  2862 | D:11     | Killed from afar by a manticore

Skill      XL: |  1  2  3  4  5  6  7  8  9 10 |
---------------+-------------------------------+-----
Spellcasting   | 5 6 7 |  7.3
Invocations    | 1 2 3 4 5 |  5.7
Short Blades   | 1 2 3 4 5 |  5.2
Long Blades    | 1 2 3 4 5 |  5.2
Axes           | 1 2 3 4 5 |  5.2
Maces & Flails | 1 2 3 4 5 |  5.2
Staves         | 1 2 3 4 5 |  5.2
Slings         | 1 2 3 4 5 |  5.2
Bows           | 1 2 3 4 5 |  5.2
Crossbows      | 1 2 3 4 5 |  5.2
Throwing       | 1 2 3 4 5 |  5.2
Stealth        | 1 2 3 4 5 |  5.2
Shields        | 1 2 3 4 5 |  5.2
Unarmed Combat | 1 2 3 4 5 |  5.2
Evocations     | 1 2 3 4 5 |  5.2
Conjurations   | 1 2 3 4 |  4.3
Hexes          | 1 2 3 4 |  4.3
Summonings     | 1 2 3 4 |  4.3
Necromancy     | 1 2 3 4 |  4.3
Translocations | 1 2 3 4 |  4.3
Transmutations | 1 2 3 4 |  4.3
Fire Magic     | 1 2 3 4 |  4.3
Ice Magic      | 1 2 3 4 |  4.3
Air Magic      | 1 2 3 4 |  4.3
Earth Magic    | 1 2 3 4 |  4.3
Poison Magic   | 1 2 3 4 |  4.3
Armour         | 3 4 5 |  5.8
Fighting       | 5 6 7 |  7.0
Polearms       | 5 6 7 |  7.0
Dodging        | 5 6 7 |  7.0
Charms         | 6 7 |  7.0

Action                   |  1- 3 |  4- 6 |  7- 9 | 10-12 || total
-------------------------+-------+-------+-------+-------++-------
Melee: Spear             |    58 |    83 |       |       ||   141
       Bite              |     2 |    11 |    16 |     2 ||    31
       Halberd           |       |    27 |   171 |    22 ||   220
       Flail             |       |       |       |     8 ||     8
Throw: Stone             |       |       |     2 |       ||     2
       Javelin           |       |       |     1 |       ||     1
 Cast: Infusion          |     4 |       |       |       ||     4
       Spectral Weapon   |     4 |    14 |    31 |     5 ||    54
       Song of Slaying   |     1 |     2 |     5 |     1 ||     9
       Shroud of Golubri |       |     2 |    12 |     1 ||    15
       Regeneration      |       |     3 |     9 |     1 ||    13
       Confuse           |       |       |     2 |       ||     2
       Sticks to Snakes  |       |       |     1 |       ||     1
  Use: Potion            |       |     1 |     1 |       ||     2
       Scroll            |       |       |     8 |       ||     8
 Stab: Sleeping          |     2 |       |     2 |     1 ||     5
       Invisible         |       |     6 |       |       ||     6
       Distracted        |       |       |     1 |       ||     1
  Eat: Ration            |     1 |     1 |     1 |       ||     3
Armor: Leather armour    |     6 |    14 |     1 |       ||    21
       Ring mail         |       |       |    31 |     8 ||    39
Dodge: Dodged            |    29 |    89 |   122 |    39 ||   279

Table legend:
 A = Turns spent in this place as a percentage of turns spent in the entire game.
 B = Non-inter-level travel turns spent in this place as a percentage of non-inter-level travel turns spent in the entire game.
 C = Inter-level travel turns spent in this place as a percentage of turns spent in this place.
 D = Turns resting spent in this place as a percentage of non-inter-level travel turns spent in this place.
 E = Turns spent auto-exploring this place as a percentage of non-inter-level travel turns spent in this place.
 F = Non-inter-level travel turns spent in this place divided by the number of levels of this place that you've seen.
                   A       B       C       D       E      F
               +-------+-------+-------+-------+-------+----------------------
         Total | 100.0 | 100.0 |   4.6 |   0.0 |   0.0 | 227.5
       Dungeon |  96.4 |  97.7 |   3.3 |   0.0 |   0.0 | 242.5
        Temple |   3.6 |   2.3 |  39.2 |   0.0 |   0.0 |  62.0
               +-------+-------+-------+-------+-------+----------------------

Table legend:
 A = Kills in this place as a percentage of kills in entire the game.
 B = Kills by you in this place as a percentage of kills by you in the entire game.
 C = Kills by friends in this place as a percentage of kills by friends in the entire game.
 D = Other kills in this place as a percentage of other kills in the entire game.
 E = Experience gained in this place as a percentage of experience gained in the entire game.
 F = Experience gained in this place divided by the number of levels of this place that you have seen.
                   A       B       C       D       E      F
               +-------+-------+-------+-------+-------+----------------------
         Total | 100.0 | 100.0 |   N/A |   N/A | 100.0 | 556.2
       Dungeon | 100.0 | 100.0 |   N/A |   N/A | 100.0 | 606.7
               +-------+-------+-------+-------+-------+----------------------

Levels and vault maps discovered:
D:1:      dpeg_arrival_rooms_a, layout_basic, st_stairs_10
D:2:      layout_rooms, lemuel_crystal_altar, gammafunk_temple_overflow_pools,
          first_ration, serial_park_tiny_1
D:3:      layout_rooms, uniq_robin
D:4:      layout_gridville, serial_shops, shop_statue, grunt_ministairs_13,
          uniq_eustachio
D:5:      layout_layer_cave, minmay_temple_entry_grid
D:6:      lemuel_upstairs_altar, layout_cave_pools, basic_altar, uniq_duvessa,
          uniq_menkaure, uniq_sigmund
D:7:      gammafunk_corrupted_shrine, layout_loops_ring, elyvilon_altar_5,
          chequers_serial_rivers_micro_c
D:8:      minmay_separated_statues, layout_loops_corners,
          nicolae_ru_the_path_less_chosen, special_room [special_room_orc],
          serial_shops, kennysheep_mini_moat
D:9:      layout_long_grid, gammafunk_temple_overflow_elements, serial_shops,
          nicolae_shop_statue_plus, the_bakery, dk_rats_in_the_wall
D:10:     layout_roguey, erik_lair_dragon, david_orc_3, gammafunk_ghost_arena,
          uniq_psyche
D:11:     layout_roguey, gammafunk_ghost_cemetery, uniq_grum, uniq_erolcha
Temple:   regret_index_temple_generic_petals
